 Dungeon Crawl Stone Soup version 0.27-a0-416-gca2cecf3c0 (webtiles) character file.

Game seed: 5293420312741840935

1199 dickylongcocking the Archer (level 8, -3/65 (67) HPs)
             Began as a Naga Hunter on Feb 25, 2021.
             Was an Initiate of Okawaru.
             Killed from afar by a white imp (6 damage)
             ... with a puff of frost
             ... on level 6 of the Dungeon.
             The game lasted 00:06:37 (5913 turns).

dickylongcocking the Archer (Naga Hunter)           Turns: 5913, Time: 00:06:37

HP:   -3/65 (67)    AC:  9    Str: 15    XL:     8   Next: 44%
MP:   8/8           EV:  7    Int: 12    God:    Okawaru [......]
Gold: 245           SH:  0    Dex: 13    Spells: 7/7 levels left

rFire    . . .     SeeInvis +   g - +0 dagger (venom)
rCold    . . .     Faith    .   (no shield)
rNeg     . . .     Spirit   .   c - +0 leather armour
rPois    +         Reflect  .   (no helmet)
rElec    .         Harm     .   p - scarf {shadows}
rCorr    .         Rampage  .   m - +0 pair of gloves
Will     +....                  i - +0 barding
Stlth    ++++......             (no amulet)
HPRegen  0.20/turn              (no ring)
MPRegen  0.11/turn              (no ring)

@: flying, lightly drained, very slow
A: large, see invisible, deformed body, poison resistance, slowness 2, spit
poison 1, AC +2
a: Spit Poison, Renounce Religion


You were on level 6 of the Dungeon.
You worshipped Okawaru.
Okawaru was noncommittal.
You visited 1 branch of the dungeon, and saw 6 of its levels.

You collected 245 gold pieces.

Inventory:

Hand Weapons
 a - a +1 shortbow
 b - a +0 short sword
 g - a +0 dagger of venom (weapon)
Armour
 c - a +0 leather armour (worn)
 i - a +0 barding (worn)
 m - a +0 pair of gloves (worn)
 p - a scarf of shadows (worn)
Wands
 r - a wand of polymorph (4)
 s - a wand of random effects (12)
 v - a wand of digging (6)
 y - a wand of iceblast (6)
Scrolls
 e - 10 scrolls of identify {unknown}
 f - a scroll of enchant weapon {unknown}
 h - a scroll of enchant armour {unknown}
 j - a scroll of magic mapping {unknown}
 k - 2 scrolls of amnesia {unknown}
 l - a scroll of fear {unknown}
 q - 3 scrolls of teleportation {unknown}
 w - a scroll of noise {unknown}
 x - 3 scrolls of immolation {unknown}
Potions
 o - a potion of degeneration
 t - a potion of brilliance


   Skills:
 - Level 2.0 Fighting
 * Level 8.4 Bows
 - Level 1.5 Dodging
 + Level 8.4 Stealth


You had 7 spell levels left.
You didn't know any spells.
Your spell library contained the following spells:

 Spells                   Type           Power        Failure   Level
 Sandblast                Erth           0%           38%         1
 Passwall                 Tmut/Erth      0%           52%         2
 Stone Arrow              Conj/Erth      0%           77%         3
 Petrify                  Tmut/Erth      0%           99%         4
 Lee's Rapid Deconstruct  Erth           0%           100%        5


Dungeon Overview and Level Annotations

Branches:
Dungeon (6/15)             Temple (0/1) D:5

Altars:
Okawaru
Qazlal

Shops:
D:6 =(=


Innate Abilities, Weirdness & Mutations

You cannot wear boots.
Your serpentine skin is tough. (AC +2)
You have supernaturally acute eyesight. (SInv)
Armour fits poorly on your strangely shaped body.
Your system is resistant to poisons. (rPois)
You cover ground very slowly.
You can spit poison.


Message History

You hit the worker ant zombie but do no damage.
The worker ant zombie is almost destroyed.
The worker ant zombie barely misses you.
A white imp comes into view.
The white imp shouts!
You hit the worker ant zombie.
You destroy the worker ant zombie!
Okawaru accepts your kill. The white imp gestures at you.
The puff of frost hits you. The white imp gestures at you.
The puff of frost hits you!
* * * LOW HITPOINT WARNING * * *
The white imp gestures at you. The puff of frost hits you!
* * * LOW HITPOINT WARNING * * *
The white imp completely misses you.
Okay, then.
Okay, then.
Okay, then.
You aren't carrying any pieces of jewellery.
Unknown command.
It was a potion of flight.
You feel very buoyant.
You fly up into the air.
The white imp hits you.
* * * LOW HITPOINT WARNING * * *
The white imp freezes you.
* * * LOW HITPOINT WARNING * * *
The white imp gestures at you. The puff of frost hits you.
* * * LOW HITPOINT WARNING * * *
Unknown command.
Your +0 dagger of venom stops dripping with poison.
a - a +1 shortbow (weapon)
Your +0 dagger of venom begins to drip with poison!
g - a +0 dagger of venom (weapon)
You closely miss the white imp. The white imp gestures at you.
The puff of frost hits you.
You die...

................#####
.....>............#
.#.......###......##
........####.......#
....(.....##........#
.....(.....##.......##
.......(...###.....###
#........5.#........#
.##........@........###
........$..........##
......(...().##...##
......((....###....#
=..........#≈≈≈≈≈.##
z..........#≈###≈.##
......##.#.#≈#∩#≈..#
..>..# #..##≈#'#≈..#
...## #####≈≈.≈≈.##


You could see a white imp.

Vanquished Creatures
  An ogre (D:4)
  2 phantoms (D:4)
  A bullfrog (D:4)
  A scorpion (D:5)
  A howler monkey (D:4)
  3 wights (D:6)
  A jelly (D:5)
  4 orc priests
  2 hounds
  Jessica (D:3)
  4 orc wizards
  2 worker ants
  Terence (D:3)
  2 hound skeletons
  2 worker ant zombies
  A howler monkey skeleton (D:6)
  3 gnolls (D:5)
  7 adders
  An ooze (D:2)
  An adder zombie (D:6)
  2 worms
  2 dart slugs
  29 orcs
  5 bats
  6 giant cockroaches
  5 goblins
  5 hobgoblins
  4 jackals
  7 quokkas
  A ball python (D:1)
  3 frilled lizards
  A jackal skeleton (D:4)
  5 kobolds
  A leopard gecko skeleton (D:6)
  A quokka zombie (D:6)
  4 rats
122 creatures vanquished.

Vanquished Creatures (others)
  11 plants (D:5)
11 creatures vanquished.

Grand Total: 133 creatures vanquished

Notes
Turn   | Place    | Note
-------+----------+-------------------------------------------
     0 | D:1      | dickylongcocking the Naga Hunter began the quest for the
                  | Orb.
     0 | D:1      | Reached XP level 1. HP: 19/19 MP: 1/1
   476 | D:1      | Reached XP level 2. HP: 26/26 MP: 2/2
   971 | D:2      | Reached XP level 3. HP: 28/32 MP: 3/3
  1779 | D:3      | Noticed Jessica
  1784 | D:3      | Killed Jessica
  1785 | D:3      | Reached skill level 5 in Bows
  1785 | D:3      | Reached XP level 4. HP: 39/39 MP: 4/4
  1806 | D:3      | Noticed Terence
  1813 | D:3      | Killed Terence
  2164 | D:3      | Reached XP level 5. HP: 38/45 MP: 5/5
  2527 | D:3      | Found a stormy altar of Qazlal.
  3027 | D:4      | Noticed an ogre
  3032 | D:4      | Killed an ogre
  3103 | D:4      | Reached XP level 6. HP: 52/52 MP: 6/6
  3141 | D:4      | Reached skill level 5 in Stealth
  3447 | D:4      | Reached XP level 7. HP: 59/60 MP: 7/7
  4553 | D:5      | Entered Level 5 of the Dungeon
  4680 | D:5      | Found an iron altar of Okawaru.
  4685 | D:5      | Became a worshipper of Warmaster Okawaru
  4791 | D:5      | Reached XP level 8. HP: 67/67 MP: 8/8
  5146 | D:5      | Found a staircase to the Ecumenical Temple.
  5658 | D:6      | Found Ceweex's Jewellery Emporium.
  5753 | D:6      | Found Ytzafesa's Weapon Shop.
  5821 | D:6      | Found Kipyofetre's Jewellery Emporium.
  5910 | D:6      | HP: 2/65 [white imp/puff of frost (2)]
  5913 | D:6      | Killed from afar by a white imp

Illustrated notes

Levels and vault maps discovered:
D:1:      onia_arrival_pentagram, layout_loops_ring, serial_park_tiny_1,
          minmay_tromino_v2
D:2:      layout_loops_ring
D:3:      layout_loops_corners, general_overflow_altar, uniq_jessica,
          uniq_terence
D:4:      layout_cave_pods, nicolae_ossuary_entry_monument,
          mrwooster_statue_mirror, kennysheep_generic_room_13
D:5:      layout_loops_cross, minmay_temple_entry_glassed_door,
          serial_bayou_ford_a, okawaru_metal_pillars_1_2
D:6:      layout_cave_pools, kennysheep_little_box,
          chequers_temple_overflow_statue_of_worship, ebering_ghost_sewer_d,
          serial_shops, nicolae_shop_stone, kennysheep_mini, shop, shop,
          kennysheep_mini_moat, grunt_dithmenos_shadows

Skill      XL: |  1  2  3  4  5  6  7  8 |
---------------+-------------------------+-----
Bows           | 4 5 6 7 8 |  8.4
Stealth        | 2 3 4 5 7 8 |  8.4
Fighting       | |  2.0
Dodging        | |  1.5

Action                   |  1- 3 |  4- 6 |  7- 9 || total
-------------------------+-------+-------+-------++-------
Melee: Dagger            |       |       |   132 ||   132
       Unarmed           |       |       |     2 ||     2
 Fire: Shortbow          |    68 |   122 |   147 ||   337
 Abil: Spit Poison       |     7 |     8 |     3 ||    18
Evoke: Wand              |       |       |     3 ||     3
  Use: Potion            |       |       |     9 ||     9
 Stab: Sleeping          |       |       |     4 ||     4
Armor: Leather armour    |    18 |    14 |    95 ||   127
       Skin              |       |       |    14 ||    14
Dodge: Dodged            |    13 |    17 |    62 ||    92

Table legend: (Time is in decaauts)
 A = Elapsed time spent in this place.
 B = Non-inter-level travel time spent in this place.
 C = Inter-level travel time spent in this place.
 D = Time resting spent in this place.
 E = Time spent auto-exploring this place.
 F = Levels seen in this place.
 G = Mean time per level.
                   A        B        C        D        E       F      G
               +--------+--------+--------+--------+--------+-----+--------+
         Total |   7513 |   7204 |    309 |     24 |   6114 |   6 | 1252.2 |
       Dungeon |   7513 |   7204 |    309 |     24 |   6114 |   6 | 1252.2 |
               +--------+--------+--------+--------+--------+-----+--------+

Top non-repeatable levels by time:
     D:4: 1915 daAuts
     D:3: 1841 daAuts
     D:5: 1288 daAuts
     D:2: 1150 daAuts
     D:1: 907 daAuts
     D:6: 411 daAuts
